 Dungeon Crawl Stone Soup version 0.29-a0-541-gaf1fc19f1b (webtiles) character file.

Game seed: 1066897241769645353

571 lunkers the Reanimator (level 7, -2/46 HPs)
             Began as a Vampire Necromancer on June 3, 2022.
             Slain by an ogre
             ... wielding a +0 giant club
              (26 damage)
             ... on level 5 of the Dungeon.
             The game lasted 00:09:10 (4502 turns).

lunkers the Reanimator (Vampire Necromancer)        Turns: 4502, Time: 00:09:11

Health: -2/46      AC:  5    Str:  7    XL:     7   Next: 11%
Magic:  4/13       EV: 11    Int: 26    God:
Gold:   234        SH:  0    Dex: 14    Spells: 10/14 levels left

rFire   . . .      SeeInvis +   w - +0 dagger
rCold   . . .      Faith    .   (no shield)
rNeg    . . .      Spirit   .   B - +2 leather armour {Will+}
rPois   .          Reflect  .   (no helmet)
rElec   .          Harm     .   o - scarf {repulsion}
rCorr   .          Rampage  .   (no gloves)
Will    +....                   (no boots)
Stlth   ++........              s - amulet of regeneration
HPRegen 1.15/turn               C - +6 ring of intelligence
MPRegen 0.13/turn               (no ring)

@: very slightly contaminated, healing quickly, studying Polearms, repel
missiles
A: alive, fangs 3, see invisible, vampiric 2
a: Exsanguinate


You were on level 5 of the Dungeon.
You visited 1 branch of the dungeon, and saw 5 of its levels.

You collected 234 gold pieces.

Inventory:

Hand Weapons
 t - a +0 hand axe
 u - a +1 hunting sling of flaming
 w - a +0 dagger (weapon)
Armour
 a - a +0 robe
 o - a scarf of repulsion (worn)
 B - a +2 leather armour of willpower (worn)
Jewellery
 p - a ring of ice
 s - an amulet of regeneration (around neck)
 C - a +6 ring of intelligence (left hand)
Wands
 r - a wand of digging (5)
Scrolls
 c - 3 scrolls of identify {unknown}
 g - a scroll of summoning {unknown}
 i - a scroll of noise {unknown}
 k - a scroll of silence {unknown}
 l - a scroll of fear {unknown}
 m - 3 scrolls of teleportation {unknown}
 n - a scroll of enchant weapon {unknown}
 q - a scroll of brand weapon {unknown}
 v - a scroll of fog {unknown}
 x - a scroll of torment {unknown}
 y - 3 scrolls of poison {unknown}
 D - a scroll of acquirement {unknown}
Potions
 b - a potion of magic
 d - 2 potions of curing
 e - 2 potions of cancellation {unknown}
 f - 2 potions of mutation {unknown}
 h - a potion of berserk rage {unknown}
 j - 4 potions of degeneration {unknown}
 z - a potion of attraction {unknown}
 A - a potion of brilliance {unknown}
 E - a potion of haste {unknown}


   Skills:
 - Level 2.1 Dodging
 - Level 3.0 Stealth
 + Level 4.3 Spellcasting
 * Level 8.2 Necromancy


You had 10 spell levels left.
You knew the following spells:

 Your Spells              Type           Power      Damage    Failure   Level
a - Necrotize             Necr           100%       1d9       1%          1
b - Vampiric Draining     Necr           48%        2d9       1%          3

Your spell library contained the following spells:

 Spells                   Type           Power      Damage    Failure   Level
 Sublimation of Blood     Necr           48%        N/A       1%          2
 Animate Dead             Necr           48%        N/A       4%          4
 Apportation              Tloc           10%        N/A       12%         1
 Agony                    Necr           48%        N/A       12%         5
 Petrify                  Tmut/Erth      5%         N/A       77%         4
 Alistair's Intoxication  Tmut/Pois      3%         N/A       98%         5
 Irradiate                Conj/Tmut      2%         3d14      98%         5


Dungeon Overview and Level Annotations

Branches:
Dungeon (5/15)
 Temple: D:4-7

Altars:
Uskayaw

Shops:
D:3 ?


Innate Abilities, Weirdness & Mutations

Your natural rate of healing is accelerated.
You have razor-sharp teeth.
You have supernaturally acute eyesight. (SInv)
You are afflicted with vampirism and can become a bat while bloodless.


Message History

The hound barely misses you. The hound bites you.
You barely miss the hound.
The hound is almost dead.
The hound closely misses you.
You completely miss the hound.
The hound is almost dead.
The hound misses you. x2
You closely miss the hound.
The hound is almost dead.
The hound bites you.
You barely miss the hound. Your bite misses the hound.
The hound is almost dead.
The hound barely misses you. The hound bites you.
You hit the hound but do no damage. Your bite misses the hound.
The hound is almost dead.
The hound closely misses you.
You hit the hound.
You kill the hound!
You hit the ogre.
The ogre is lightly wounded.
The ogre hits you with a +0 giant club!!
Ouch! That really hurt!
* * * LOW HITPOINT WARNING * * *
Casting: Necrotize (safe; 1% risk of failure)
Confirm with . or Enter, or press ? or * to list all spells.
Aiming: Vampiric Draining (safe; 1% risk of failure)
Press: ? - help, Shift-Dir - straight line, f - ogre
Aim: an ogre, wielding a +0 giant club (lightly wounded)
You miscast Vampiric Draining.
You are very lightly contaminated with residual magic.
Nothing appears to happen.
Casting: Vampiric Draining (safe; 1% risk of failure)
Confirm with . or Enter, or press ? or * to list all spells.
Aiming: Vampiric Draining (safe; 1% risk of failure)
Press: ? - help, Shift-Dir - straight line, f/p - ogre
Aim: an ogre, wielding a +0 giant club (lightly wounded)
You draw life force from the ogre!
You feel life coursing into your body.
The ogre hits you with a +0 giant club!!
Ouch! That really hurt!
You die...

#........###........
#.######.#.#.####### #.#
##...)..#
#.######.......##
#...<##..##.##..#
####.#..#...#.#^##
#.#.#.##..##..###
#####.#.##.###..#....
#..O@.....#..###.#..#
.....###.#.#..##..##.#.#
### #.#.##..........#
#.#.#..##..######
#.#.#.###..#
...........######
..#..............
########..######.
######..### #.


You could see an ogre.

Vanquished Creatures
  An ogre (D:5)
  A phantom (D:5)
  A scorpion (D:5)
  An orc priest (D:3)
  3 hounds
  An iguana (D:5)
  A jelly (D:5)
  Natasha (twice) (D:4)
  3 adders
  A shadow imp (D:5)
  A white imp (D:5)
  An ufetubus (D:5)
  2 worms (D:2)
  2 dart slugs
  7 orcs
  5 ball pythons
  6 bats
  An endoplasm (D:2)
  A giant cockroach (D:2)
  10 goblins
  9 hobgoblins
  5 jackals
  A quokka (D:1)
  3 frilled lizards
  7 kobolds
  5 rats
81 creatures vanquished.

Vanquished Creatures (collateral kills)
  An endoplasm (D:1)
  A bat (D:1)
2 creatures vanquished.

Grand Total: 83 creatures vanquished

Notes
Turn   | Place    | Note
-------+----------+-------------------------------------------
     0 | D:1      | lunkers the Vampire Necromancer began the quest for the
                  | Orb.
     0 | D:1      | Reached XP level 1. HP: 13/13 MP: 3/3
   178 | D:1      | Reached XP level 2. HP: 12/19 MP: 0/5
   424 | D:1      | Reached skill level 5 in Necromancy
   624 | D:1      | Found a faded altar of an unknown god.
   945 | D:1      | Gained mutation: You are afflicted with vampirism and can
                  | become a bat while bloodless. [Vampire growth]
   945 | D:1      | Reached XP level 3. HP: 24/24 MP: 3/6
  1551 | D:2      | Learned a level 3 spell: Vampiric Draining
  2298 | D:3      | Reached XP level 4. HP: 21/30 MP: 0/8
  2559 | D:3      | Found Porimm's Magic Scroll Emporium.
  2786 | D:3      | Reached skill level 6 in Necromancy
  3191 | D:4      | Found a hide-covered altar of Uskayaw.
  3276 | D:4      | Noticed Natasha
  3288 | D:4      | Killed Natasha
  3289 | D:4      | Reached XP level 5. HP: 22/35 MP: 0/9
  3619 | D:4      | Noticed Natasha
  3644 | D:4      | Killed Natasha
  4009 | D:5      | Entered Level 5 of the Dungeon
  4016 | D:5      | Noticed a phantom
  4040 | D:5      | Reached skill level 7 in Necromancy
  4064 | D:5      | Killed a phantom
  4065 | D:5      | Reached XP level 6. HP: 20/41 MP: 7/11
  4290 | D:5      | Reached skill level 8 in Necromancy
  4328 | D:5      | Reached XP level 7. HP: 46/46 MP: 9/13
  4502 | D:5      | Slain by an ogre

Illustrated notes

Levels and vault maps discovered:
D:1:      doesnt_arrival_eight_statues, layout_loops_ring,
          hellmonk_ecumenical_altar_inner_sanctum,
          chequers_serial_rivers_micro_e
D:2:      layout_basic
D:3:      layout_basic, serial_shops, shop, grunt_decor_junction,
          chequers_decorated_corner
D:4:      layout_loops_ring, lemuel_doored_altar, uniq_natasha
D:5:      layout_loops_ring, gup_sewer_entry_spiral, minmay_manual_mess

Skill      XL: |  1  2  3  4  5  6 |
---------------+-------------------+-----
Necromancy     | 5 6 7 8 |  8.2
Spellcasting   | 3 4 |  4.3
Dodging        | |  2.1
Stealth        | |  3.0

Action                   |  1- 3 |  4- 6 |  7- 9 || total
-------------------------+-------+-------+-------++-------
Melee: Bite              |     1 |    13 |       ||    14
       Unarmed           |     1 |       |       ||     1
       Dagger            |       |    83 |     7 ||    90
       Punch             |       |     1 |       ||     1
 Cast: Necrotize         |    89 |    67 |     9 ||   165
       Vampiric Draining |       |     3 |     1 ||     4
 Stab: Sleeping          |       |     1 |       ||     1
Armor: Robe              |    10 |       |       ||    10
       Leather armour    |       |    25 |     1 ||    26
Dodge: Dodged            |    34 |    38 |     7 ||    79
       Repelled          |       |     1 |       ||     1

Table legend: (Time is in decaauts)
 A = Elapsed time spent in this place.
 B = Non-inter-level travel time spent in this place.
 C = Inter-level travel time spent in this place.
 D = Time resting spent in this place.
 E = Time spent auto-exploring this place.
 F = Levels seen in this place.
 G = Mean time per level.
                   A        B        C        D        E       F      G
               +--------+--------+--------+--------+--------+-----+--------+
         Total |   4503 |   4407 |     96 |    259 |   3458 |   5 |  900.6 |
       Dungeon |   4503 |   4407 |     96 |    259 |   3458 |   5 |  900.6 |
               +--------+--------+--------+--------+--------+-----+--------+

Top non-repeatable levels by time:
     D:1: 1147 daAuts
     D:2: 1137 daAuts
     D:4: 962 daAuts
     D:3: 763 daAuts
     D:5: 492 daAuts
